 Dungeon Crawl Stone Soup version 0.19-a0-379-ge33ada3 (webtiles) character file.

6843 Mysteryquy the Blocker (level 11, -2/97 HPs)
             Began as a Hill Orc Fighter on May 30, 2016.
             Was an Elder of Hepliaklqana.
             Slain by Snorg (10 damage)
             ... on level 10 of the Dungeon.
             The game lasted 00:29:00 (10110 turns).

Mysteryquy the Blocker (Hill Orc Fighter)          Turns: 10110, Time: 00:29:01

Health: -2/97      AC: 20    Str: 23    XL:     11   Next: 6%
Magic:  11/11      EV:  6    Int:  8    God:    Hepliaklqana [****..]
Gold:   487        SH: 12    Dex: 10    Spells: 0 memorised, 10 levels left

rFire  . . .     SeeInvis .     N - +2 falchion of Gallantry {flame, rC+ rN+ Stlth-}
rCold  + . .     Gourm    .     P - +1 plate armour
rNeg   + . .     Faith    .     c - +0 shield
rPois  .         Spirit   .     E - +0 helmet
rElec  .         Dismiss  .     q - +0 cloak
rCorr  .         Reflect  .     m - +0 pair of gloves
SustAt .         Harm     .     g - +0 pair of boots
MR     .....                    (no amulet)
Stlth  ..........               (no ring)
                                (no ring)

@: not resistant to hostile enchantments, extremely unstealthy
A: no striking features
a: Recall Ancestor, Ancestor Identity, Transference, Idealise, Renounce Religion


You were on level 10 of the Dungeon.
You worshipped Hepliaklqana.
Hepliaklqana was greatly pleased with you.
You were not hungry.

You visited 2 branches of the dungeon, and saw 11 of its levels.

You collected 487 gold pieces.

Inventory:

Hand Weapons
 a - a +0 long sword
 N - the +2 falchion of Gallantry (weapon) {flame, rC+ rN+ Stlth-}
   (You found it on level 10 of the Dungeon)

   It has been specially enchanted to burn those struck by it, causing extra
   injury to most foes and up to half again as much damage against particularly
   susceptible opponents.
   Big, fiery blades are also staple armaments of hydra-hunters.
   It protects you from cold.
   It protects you from negative energy.
   It makes you less stealthy.
 S - a +2 falchion of flaming
Armour
 b - a +0 scale mail
 c - a +0 shield (worn)
 d - a +0 pair of gloves
 g - a +0 pair of boots (worn)
 m - a +0 pair of gloves (worn)
 q - a +0 cloak (worn)
 E - a +0 helmet (worn)
 O - a +0 ring mail
 P - a +1 plate armour (worn)
Jewellery
 h - an uncursed amulet of regeneration {unknown}
 j - an uncursed ring of protection from cold {unknown}
 p - an uncursed ring of positive energy {unknown}
 t - an uncursed ring of sustain attributes {unknown}
 H - a +3 ring of strength {unknown}
 J - a +3 ring of protection {unknown}
Wands
 u - a wand of confusion (19/48)
 y - a wand of lightning (11/15)
 I - a wand of iceblast (9/15)
 R - a wand of slowing (23/48)
 V - a wand of acid (3/15)
Scrolls
 n - a scroll of magic mapping {unknown}
 o - 2 scrolls of blinking
 r - a scroll of teleportation
 s - 9 scrolls of identify
 w - 3 scrolls of remove curse
 F - 3 scrolls of fog {unknown}
 G - 2 scrolls of noise {unknown}
 L - a scroll of enchant weapon {unknown}
 Q - a scroll of holy word {unknown}
Potions
 e - 2 potions of flight
 k - 3 potions of brilliance {unknown}
 v - 6 potions of curing
 z - a potion of haste {unknown}
 A - a potion of agility
 B - 2 potions of degeneration {unknown}
 C - 2 potions of heal wounds {unknown}
 D - a potion of magic {unknown}
 K - 2 potions of mutation {unknown}
Books
 T - a Necronomicon

   Spells                             Type                      Level
   a - Haunt                          Necromancy/Summoning         7
   b - Borgnjor's Revivification      Necromancy                   8
   c - Death's Door                   Charms/Necromancy            8
   d - Necromutation                  Transmutation/Necromancy     8
 U - a Grand Grimoire

   Spells                             Type                      Level
   a - Monstrous Menagerie            Summoning                    7
   b - Summon Greater Demon           Summoning                    7
   c - Malign Gateway                 Summoning/Translocation      7
   d - Summon Horrible Things         Summoning                    8
 X - a book of Minor Magic

   Spells                             Type                      Level
   a - Magic Dart                     Conjuration                  1
   b - Blink                          Translocation                2
   c - Call Imp                       Summoning                    2
   d - Repel Missiles                 Charms/Air                   2
   e - Slow                           Hexes                        2
   f - Conjure Flame                  Conjuration/Fire             3
   g - Mephitic Cloud                 Conjuration/Poison/Air       3
Comestibles
 f - 7 bread rations
 i - 9 meat rations
 l - 2 beef jerkies
 x - a royal jelly
 M - 7 slices of pizza
 W - 12 fruits
 Y - a chunk of flesh


   Skills:
 + Level 9.2 Fighting
 + Level 9.0 Long Blades
 + Level 9.2 Armour
 + Level 11.4 Shields


You had 10 spell levels left.
You didn't know any spells.

Dungeon Overview and Level Annotations

Branches:
Dungeon (10/15)            Temple (1/1) D:5
   Lair: D:8-11         Orc: D:9-12

Altars:
Ashenzari
Cheibriados
Dithmenos
Elyvilon
Fedhas
Gozag
Hepliaklqana
Kikubaaqudgha
Makhleb
Nemelex Xobeh
Okawaru
Pakellas
Qazlal
Ru
Sif Muna
Trog
Ukayaw
Vehumet
Xom
Yredelemnul
Zin
The Shining One

Shops:
D:4 :

Annotations:
D:10 Snorg


Message History

Snorg claws you but does no damage. You block Snorg's attack.
You barely miss Snorg.
Snorg is almost dead.
You block Snorg's attack. x2; Snorg claws you!
The cyclops throws a large rock.
The large rock hits you!
Markus closely misses Snorg.
You slash Snorg! You burn Snorg.
Snorg is almost dead.
Snorg bites you but does no damage. Snorg claws you!
* * * LOW HITPOINT WARNING * * *
You block Snorg's attack. Snorg bites you but does no damage. Snorg claws you!
* * * LOW HITPOINT WARNING * * *
Snorg claws you!
* * * LOW HITPOINT WARNING * * *
The cyclops throws a large rock.
The large rock hits you but does no damage.
You are too injured to fight recklessly!
You slash Snorg! You burn Snorg.
Snorg is almost dead.
Markus misses Snorg.
Snorg bites you!
You die...

#+##### #........#
#####.# #####C#### #..#
#..# ##.## #.## #..#
####'## ###'### #>....#
#......
#######.....######......
......TR....+....'.....(
#@....######......
#.....# #...... #[....#
#...... #.....# #......
####+## ####... ######
#..... +..... #.....


You could see Snorg (berserk), a cyclops and the friendly Markus the knight.

Vanquished Creatures
  A hydra (D:9)
  Pikel (D:9)
  Maurice (D:9)
  A gargoyle (D:10)
  Prince Ribbit (D:9)
  6 yaks
  A wyvern (D:10)
  A hippogriff (D:9)
  A hungry ghost (D:9)
  A water moccasin (D:7)
  A black bear (D:9)
  2 orc warriors
  A slave (D:9)
  A sky beast (D:7)
  A necrophage (D:10)
  2 wolves (D:9)
  An ogre (D:7)
  2 centaurs
  3 big kobolds
  4 giant frogs
  A gnoll sergeant (D:5)
  A scorpion (D:7)
  2 killer bees (D:9)
  A howler monkey (D:4)
  A crimson imp (D:6)
  A hound (D:10)
  5 orc priests
  A giant frog skeleton (D:5)
  A jelly (D:8)
  Jessica (D:2)
  An iguana (D:5)
  4 orc wizards
  Natasha (D:3)
  4 worker ants
  2 sheep (D:9)
  A hound skeleton (D:6)
  7 gnolls
  8 adders
  2 shadow imps
  4 worms
  2 dart slugs
  A giant gecko (D:7)
  34 orcs
  4 giant cockroaches
  20 hobgoblins
  5 jackals
  17 kobolds
  3 quokkas
  3 bats
  A giant cockroach zombie (D:6)
  A giant gecko skeleton (D:6)
  A giant gecko zombie (D:8)
  8 giant newts
  9 goblins
  2 quokka skeletons
  7 rats
200 creatures vanquished.

Vanquished Creatures (collateral kills)
  A troll (D:9)
  A two-headed ogre (D:8)
  A wraith (D:10)
  2 yaks (D:9)
  Grum (D:9)
  A water moccasin (D:6)
  2 ice beasts
  A slave (D:9)
  A sky beast (D:8)
  2 ogres
  A big kobold (D:9)
  4 killer bees (D:9)
  A hound (D:9)
  A crimson imp (D:7)
  2 orc priests
  A jelly (D:7)
  3 orc wizards
  Natasha (D:3)
  A worker ant (D:6)
  2 hound skeletons
  Robin (D:4)
  A gnoll (D:6)
  3 adders
  A shadow imp (D:7)
  2 adder skeletons
  2 giant geckos
  25 orcs
  2 giant cockroaches
  A hobgoblin (D:3)
  5 jackals
  A quokka (D:6)
  3 goblins (D:4)
  A jackal skeleton (D:7)
  6 kobolds
  A plant (D:9)
85 creatures vanquished.

Vanquished Creatures (others)
  A slave (D:9)
  A giant frog (D:9)
  A scorpion (D:4)
  A howler monkey (D:5)
  2 orc wizards (D:9)
  2 knights (D:9)
  An adder (D:5)
  An orc (D:9)
  A quokka zombie (D:9)
11 creatures vanquished.

Grand Total: 296 creatures vanquished

Notes
Turn   | Place    | Note
--------------------------------------------------------------
     0 | D:1      | Mysteryquy the Hill Orc Fighter began the quest for the Orb.
     0 | D:1      | Reached XP level 1. HP: 19/19 MP: 1/1
   438 | D:1      | Reached XP level 2. HP: 27/27 MP: 2/2
   932 | D:2      | Reached skill level 4 in Shields
  1048 | D:2      | Found an oddly glowing altar of Pakellas.
  1113 | D:2      | Found an iron altar of Okawaru.
  1121 | D:2      | Reached XP level 3. HP: 33/33 MP: 3/3
  1273 | D:2      | HP: 2/49 [poisoned by an adder]
  1278 | D:2      | Reached XP level 4. HP: 3/40 MP: 4/4
  1279 | D:2      | HP: 2/60 [poisoned by an adder]
  1287 | D:2      | HP: 2/60 [poisoned by an adder]
  1715 | D:2      | Found a burning altar of Makhleb.
  1720 | D:2      | Noticed Jessica
  1732 | D:2      | Killed Jessica
  2063 | D:2      | Found a glowing golden altar of the Shining One.
  2064 | D:2      | Found a white marble altar of Elyvilon.
  2064 | D:2      | Found a sparkling altar of Nemelex Xobeh.
  2064 | D:2      | Found a hazy altar of Hepliaklqana.
  2064 | D:2      | Found a stormy altar of Qazlal.
  2064 | D:2      | Found a basalt altar of Yredelemnul.
  2068 | D:2      | Found a bloodstained altar of Trog.
  2073 | D:2      | Became a worshipper of Hepliaklqana
  2311 | D:3      | Found a deep blue altar of Sif Muna.
  2318 | D:3      | Noticed Natasha
  2328 | D:3      | Killed Natasha
  2328 | D:3      | Reached XP level 5. HP: 40/46 MP: 5/5
  2368 | D:3      | Noticed Natasha
  2379 | D:3      | Killed Natasha
  3203 | D:4      | Reached * piety under Hepliaklqana
  3254 | D:4      | Reached skill level 5 in Shields
  3254 | D:4      | Reached XP level 6. HP: 31/53 MP: 6/6
  3490 | D:4      | Found an ancient bone altar of Kikubaaqudgha.
  3588 | D:4      | Noticed Robin
  3603 | D:4      | Killed Robin
  3628 | D:4      | Found Xedutofa's Book Boutique.
  3665 | D:4      | Noticed an orc warrior
  3703 | D:4      | Killed an orc warrior
  3703 | D:4      | Reached skill level 5 in Fighting
  3703 | D:4      | Reached skill level 5 in Armour
  3968 | D:4      | Reached XP level 7. HP: 61/61 MP: 7/7
  4411 | D:5      | Entered Level 5 of the Dungeon
  4641 | D:5      | Found a staircase to the Ecumenical Temple.
  4795 | D:5      | Reached skill level 6 in Shields
  5462 | Temple   | Entered the Ecumenical Temple
  5490 | Temple   | Reached ** piety under Hepliaklqana
  5491 | Temple   | Remembered your ancestor Markus as a knight
  5611 | D:6      | Reached XP level 8. HP: 69/70 MP: 8/8
  5650 | D:6      | Reached skill level 5 in Long Blades
  5715 | D:6      | Found a hide-covered altar to Ukayaw.
  6119 | D:6      | Reached skill level 7 in Shields
  6882 | D:7      | Reached skill level 8 in Shields
  6882 | D:7      | Reached XP level 9. HP: 70/78 MP: 9/9
  7155 | D:7      | Reached *** piety under Hepliaklqana
  7314 | D:8      | Found an opulent altar of Gozag.
  7319 | D:8      | Found a radiant altar of Vehumet.
  7613 | D:8      | Noticed a two-headed ogre
  7623 | D:8      | Killed a two-headed ogre
  7703 | D:8      | Reached skill level 9 in Shields
  7738 | D:9      | Noticed Prince Ribbit
  7753 | D:9      | Killed Prince Ribbit
  8305 | D:9      | Reached XP level 10. HP: 80/88 MP: 10/10
  8329 | D:9      | Noticed Maurice
  8336 | D:9      | Reached skill level 10 in Shields
  8346 | D:9      | Found a hazy altar of Hepliaklqana.
  8380 | D:9      | Killed Maurice
  8850 | D:9      | Noticed Pikel
  8869 | D:9      | Killed Pikel
  8889 | D:9      | Noticed Grum
  8911 | D:9      | Killed Grum
  9704 | D:10     | Entered Level 10 of the Dungeon
  9839 | D:9      | Noticed a three-headed hydra
  9849 | D:9      | Killed a one-headed hydra
  9849 | D:9      | Reached skill level 11 in Shields
  9900 | D:10     | Reached **** piety under Hepliaklqana
  9935 | D:10     | Noticed a gargoyle
  9941 | D:10     | Killed a gargoyle
  9941 | D:10     | Reached XP level 11. HP: 73/97 MP: 11/11
  9946 | D:10     | Got a twisted falchion
  9947 | D:10     | Identified the +2 falchion of Gallantry {flame, rC+ rN+ Stlth-} (You found it on level 10 of the Dungeon)
 10093 | D:10     | Noticed Snorg
 10107 | D:10     | Noticed a cyclops
 10110 | D:10     | Slain by Snorg

Vault maps used:
D:1:      lightli_arrival_quake
D:2:      lemuel_crystal_altar, okawaru_altar_gauntlet_db, minitemple,
          lexackson_kobold_supper, uniq_jessica
D:3:      lemuel_crystal_altar, uniq_natasha
D:4:      kennysheep_mini, serial_shops, shop, uniq_robin
D:5:      lemuel_temple_firewalk_marked, first_bread
D:6:      corexii_shantytown, nicolae_overflow_crystal_walls
D:8:      overflow_temple_1_default, lemuel_crystal_altar
D:9:      basic_altar, hangedman_ranch, uniq_maurice, uniq_grum, uniq_pikel,
          uniq_prince_ribbit1
D:10:     erik_orc_2, gammafunk_pakellas_spire_experiment, uniq_snorg
Temple:   nicolae_temple_great_sept

Skill      XL: |  1  2  3  4  5  6  7  8  9 10 11 |
---------------+----------------------------------+-----
Shields        | 4 5 6 8 9 11 | 11.4
Fighting       | 4 5 6 7 9 |  9.2
Armour         | 4 5 6 7 9 |  9.2
Long Blades    | 3 4 6 7 8 9 |  9.0

Action                   |  1- 3 |  4- 6 |  7- 9 | 10-12 || total
-------------------------+-------+-------+-------+-------++-------
Melee: Long sword        |   136 |   212 |   539 |   103 ||   990
       Falchion          |       |       |       |    93 ||    93
Invok: Ancestor Life: Kn |       |       |     1 |       ||     1
  Use: Potion            |     3 |     1 |       |     2 ||     6
       Scroll            |       |       |     7 |     1 ||     8
 Stab: Distracted        |       |       |     1 |     1 ||     2
  Eat: Chunk             |       |    10 |    15 |     8 ||    33
Armor: Scale mail        |    63 |    84 |   105 |       ||   252
       Skin              |     9 |       |       |       ||     9
       Ring mail         |       |       |    39 |       ||    39
       Plate armour      |       |       |    75 |   122 ||   197
Dodge: Dodged            |    48 |    39 |   141 |    45 ||   273
Block: Shield            |    73 |   108 |   308 |   124 ||   613
